 Dungeon Crawl Stone Soup version 0.13.0-25-g43d4df3 (webtiles) character file.

254 Malachi the Shooter (level 5, -4/41 HPs)
             Began as a Centaur Hunter on Oct 27, 2013.
             Slain by a gnoll
             ... wielding a +0,+0 flail
              (6 damage)
             ... on Level 3 of the Dungeon.
             The game lasted 00:04:44 (2642 turns).

Malachi the Shooter (Centaur Hunter)                Turns: 2642, Time: 00:04:44

HP  -4/41        AC 10     Str 14      XL: 5   Next: 12%
MP   3/3         EV  6     Int 10      God:
Gold 101         SH  0     Dex 11      Spells:  0 memorised,  4 levels left

Res.Fire  : . . .   See Invis. : .   h - +2,+0 elf spear
Res.Cold  : . . .   Warding    : .   s - +2 scale mail {rPois}
Life Prot.: . . .   Conserve   : .   (no shield)
Res.Poison: +       Res.Corr.  : .   (no helmet)
Res.Elec. : .       Clarity    : .   p - +1 cloak
Sust.Abil.: . .     Spirit.Shd : .   (no gloves)
Res.Mut.  : .       Stasis     : .   (no barding)
Res.Rott. : .       Flight     : .   (no amulet)
Saprovore : . . .                    (no ring)
                                     (no ring)

@: confused, very quick, slightly resistant to hostile enchantments, extremely
unstealthy
A: hooves 3, deformed body, herbivore 1, speed 2, fast metabolism 1, tough skin
3
a: no special abilities


You were on level 3 of the Dungeon.
You were very hungry.

You visited 1 branch of the dungeon, and saw 3 of its levels.

You collected 81 gold pieces.

Inventory:

Hand weapons
 a - a +0,+0 short sword
 b - a +1,+1 bow
 h - a +2,+0 elven spear (weapon)
Missiles
 c - 16 arrows
Armour
 d - a +0 leather armour
 p - a +1 cloak (worn)
 s - a +2 scale mail of poison resistance (worn)
Magical devices
 k - a wand of enslavement (9) {unknown}
 o - a wand of flame (3)
Comestibles
 f - 2 bread rations
 r - a chunk of giant newt flesh
 t - a meat ration
 u - a pear
Scrolls
 e - 2 scrolls of random uselessness {unknown}
 g - a scroll of curse jewellery {unknown}
 i - 4 scrolls of identify {unknown}
 j - 3 scrolls of enchant weapon II {unknown}
 l - a scroll of recharging {unknown}
 m - a scroll of blinking {unknown}
 n - a scroll of teleportation {unknown}
 v - a scroll of remove curse {unknown}
Potions
 q - a potion of confusion
 w - a potion of agility {unknown}


   Skills:
 + Level 1.2 Fighting
 + Level 0.5 Short Blades
 + Level 0.8 Polearms
 * Level 6.8 Bows
 + Level 1.3 Armour
 + Level 2.2 Dodging
 - Level 0.6 Stealth


You had 4 spell levels left.
You didn't know any spells.

Dungeon Overview and Level Annotations

Branches:
Dungeon (3/27)

Altars:


Innate Abilities, Weirdness & Mutations

You have hooves in place of feet.
Armour fits poorly on your strangely shaped body.
You digest meat inefficiently.
You cover ground very quickly.
You have a fast metabolism.
You have extremely tough skin (AC +3).


Message History

* * * LOW HITPOINT WARNING * * *
You hit the gnoll but do no damage. Your kick misses the gnoll.
The gnoll is heavily wounded.
The gnoll hits you.
* * * LOW HITPOINT WARNING * * *
The gnoll barely misses you. The gnoll hits you but does no damage.
You barely miss the gnoll.
The gnoll is heavily wounded.
The gnoll hits you.
* * * LOW HITPOINT WARNING * * *
The gnoll hits you but does no damage.
The gnoll hits you from afar with a spear.
* * * LOW HITPOINT WARNING * * *
Read which item? (? for menu, Esc to quit)
Okay, then.
Drink which item? (? for menu, Esc to quit)
You are confused.
It was a potion of confusion.
The gnoll barely misses you. The gnoll hits you with a flail.
You die...

###### #.##.#
#######.##.#
............#
#######.##.# #.##g#
.########.##@#
..........##g#
##########.##g#
.........##.##.#
##########.##.##.#...
.................>....
###.#..#.#.#####...##
# #.#..#.#... ...... #
#.#..#.#.....?..##.


You could see 3 gnolls.

Vanquished Creatures
  A hound (D:2)
  Crazy Yiuf (D:2)
  Terence (D:3)
  4 adders
  A giant gecko (D:1)
  3 oozes
  A ball python (D:1)
  5 bats
  2 giant cockroaches (D:2)
  3 goblins (D:1)
  4 hobgoblins
  4 jackals (D:2)
  6 kobolds
  A quokka (D:2)
  2 giant newts
  4 rats
43 creatures vanquished.

Notes
Turn   | Place    | Note
--------------------------------------------------------------
     0 | D:1      | Malachi, the Centaur Hunter, began the quest for the Orb.
     0 | D:1      | Reached XP level 1. HP: 17/17 MP: 0/0
   499 | D:1      | Reached XP level 2. HP: 24/24 MP: 1/1
   668 | D:1      | Reached skill level 6 in Bows
  1282 | D:2      | Reached XP level 3. HP: 19/29 MP: 2/2
  1642 | D:2      | Noticed Crazy Yiuf
  1681 | D:2      | Killed Crazy Yiuf
  1681 | D:2      | Reached XP level 4. HP: 29/36 MP: 2/2
  2018 | D:3      | Noticed Terence
  2044 | D:2      | Reached skill level 1 in Armour
  2180 | D:3      | Killed Terence
  2328 | D:3      | Reached XP level 5. HP: 34/41 MP: 3/3
  2641 | D:3      | HP: 2/41 [gnoll/spear (2)]
  2642 | D:3      | Slain by a gnoll

Action                   |  1- 3 |  4- 6 || total
-------------------------+-------+-------++-------
Melee: Short sword       |    32 |       ||    32
       Spear             |    85 |    74 ||   159
 Fire: Bow               |    10 |       ||    10
  Use: Potion            |     1 |     2 ||     3
